 Dungeon Crawl Stone Soup version 0.20-a0-930-gbddf555 (webtiles) character file.

11090 polly the Blocker (level 11, -17/68 HPs)
             Began as a Gargoyle Fighter on Mar 30, 2017.
             Was a High Priest of Okawaru.
             Demolished by Snorg (19 damage)
             ... on level 11 of the Dungeon.
             The game lasted 00:18:28 (9689 turns).

polly the Blocker (Gargoyle Fighter)                Turns: 9689, Time: 00:18:28

Health: -17/68     AC: 19    Str: 26    XL:     11   Next: 72%
Magic:  3/3        EV:  5    Int: 11    God:    Okawaru [*****.]
Gold:   306        SH: 23    Dex: 10    Spells: 10/10 levels left

rFire    x . .     SeeInvis .   o - +4 eveningstar (antimagic)
rCold    + + .     Gourm    .   a - +0 large shield
rNeg     + . .     Faith    .   q - +0 plate armour
rPois    ∞         Spirit   .   (no helmet)
rElec    +         Reflect  .   p - scarf {rC+}
rCorr    +         Harm     .   (no gloves)
MR       .....                  J - +2 pair of boots of Mumblety Peg {+Blink}
Stlth    ..........             (no amulet)
Regen    0.7/turn               K - ring of ice
MPRegen  0.1/turn               u - ring of resist corrosion

@: hasted, very quick
A: large bone plates 1, clever 1, deformed body, low mp 1, negative energy
resistance 1, regeneration 1, electricity resistance, strong 2, unbreathing,
petrification resistance, rot immunity, AC +7
a: Heroism, Finesse, Renounce Religion, Evoke Blink


You were on level 11 of the Dungeon.
You worshipped Okawaru.
Okawaru was extremely pleased with you.
You were not hungry.

You visited 2 branches of the dungeon, and saw 12 of its levels.

You collected 684 gold pieces.
You spent 378 gold pieces at shops.

Inventory:

Hand Weapons
 o - a +4 antimagic eveningstar (weapon)
 B - the +4 whip of the Warrior-Mage {speed, Dex+2}
   (You found it on level 8 of the Dungeon)

   Attacks with this weapon are significantly faster.
   It affects your dexterity (+2).
Armour
 a - a +0 large shield (worn)
 p - a scarf of cold resistance (worn)
 q - a +0 plate armour (worn)
 J - the +2 pair of boots of Mumblety Peg (worn) {+Blink}
   (You found it on level 10 of the Dungeon)

   It lets you blink.
Jewellery
 u - a ring of resist corrosion (right hand)
 K - a ring of ice (left hand)
 L - a +3 ring of evasion {unknown}
Wands
 c - a wand of flame (26/48)
 d - a wand of acid (9/15)
 y - a wand of flame (22/48)
 F - a wand of flame (14/48)
 I - a wand of random effects (41/48)
Scrolls
 e - 2 scrolls of teleportation
 l - a scroll of immolation
 r - 3 scrolls of fear
 s - 7 scrolls of remove curse
 v - a scroll of blinking
 w - 3 scrolls of amnesia
 x - 3 scrolls of fog
 z - a scroll of identify
 E - a scroll of holy word {unknown}
 G - a scroll of enchant armour {unknown}
 H - a scroll of random uselessness {unknown}
Potions
 b - 2 potions of mutation
 i - 3 potions of haste
 j - a potion of magic {unknown}
 k - 2 potions of flight
 t - 3 potions of resistance {unknown}
 A - a potion of lignification {unknown}
 C - a potion of degeneration {unknown}
 D - 2 potions of ambrosia {unknown}
 M - a potion of cancellation {unknown}
Comestibles
 f - 7 bread rations
 g - 25 fruits
 h - 4 meat rations
 m - 3 royal jellies


   Skills:
 + Level 8.0 Fighting
   Level 6.0(8.3) Axes
 + Level 9.6(10.4) Maces & Flails
 + Level 8.0 Armour
 + Level 2.0 Dodging
 + Level 1.3 Stealth
 + Level 11.5 Shields


You had 10 spell levels left.
You didn't know any spells.

Dungeon Overview and Level Annotations

Branches:
Dungeon (11/15)            Temple (1/1) D:5            Lair (0/6) D:10
    Orc (0/2) D:9

Altars:
Ashenzari
Cheibriados
Dithmenos
Elyvilon
Fedhas
Gozag
Kikubaaqudgha
Makhleb
Nemelex Xobeh
Okawaru
Qazlal
Ru
Sif Muna
Trog
Uskayaw
Wu Jian
Xom
Yredelemnul
Zin
The Shining One

Shops:
D:4 [   D:6 (   D:10 }

Annotations:
D:11 Snorg


Innate Abilities, Weirdness & Mutations

You are resistant to torment.
Your stone body is resilient. (AC +7)
You are immune to poison.
You resist negative energy. (rN+)
You are resistant to electric shocks. (rElec)
You can survive without breathing.
You are immune to petrification.
You are immune to rotting.
You are partially covered in large bone plates. (SH +4)
Your mind is acute. (Int +2)
Armour fits poorly on your strangely shaped body.
Your magical capacity is low. (-10% MP)
Your natural rate of healing is unusually fast.
Your muscles are very strong. (Str +4)


Message History

You block Snorg's attack. x2
You feel much better. Snorg bites you!
* * * LOW HITPOINT WARNING * * *
You block Snorg's attack. x2; Snorg bites you but does no damage.
You block Snorg's attack. x2
You closely miss Snorg.
Snorg is almost dead.
You block Snorg's attack. x2; Snorg claws you but does no damage.
Your shield and plate armour prevent you from hitting Snorg.
Snorg is almost dead.
Snorg bites you but does no damage. You block Snorg's attack. Snorg claws you.
* * * LOW HITPOINT WARNING * * *
You block Snorg's attack. Snorg barely misses you. You block Snorg's attack.
You feel better. Snorg bites you but does no damage.
You block Snorg's attack. x2
Snorg bites you!
* * * LOW HITPOINT WARNING * * *
Snorg claws you but does no damage. Snorg claws you.
* * * LOW HITPOINT WARNING * * *
You feel yourself speed up. Snorg bites you!!
You die...

##+##### #+# #..>...#
.... ###....(.# .....
##.'......#
......#####..#......#
......'..T@.##......#
......########......#
..... #......# .....
###'#### ..... #.##
###.## #..# #####..##
#####'##### #.......#
#.........# +.......#
#.........#


You could see Snorg (berserk).

Vanquished Creatures
  An unseen horror (D:10)
  The ghost of polly the Cleaver, a novice GrBe of Trog (D:7)
  Pikel (D:7)
  An ugly thing (D:10)
  Joseph (D:8)
  A centaur skeleton (D:11)
  A hornet (D:10)
  3 hippogriffs
  Sigmund (D:3)
  6 yaks (D:10)
  3 wargs (D:9)
  Duvessa (D:6)
  2 water moccasins
  3 ice beasts
  A slave (D:7)
  7 orc warriors
  A black bear (D:10)
  3 phantoms
  2 sky beasts
  2 necrophages (D:8)
  6 ogres
  4 centaurs
  3 bullfrogs
  3 big kobolds
  A gnoll sergeant (D:9)
  A water moccasin zombie (D:6)
  Dowan (D:6)
  2 scorpions
  14 killer bees
  An electric eel (D:10)
  2 howler monkeys
  A bullfrog zombie (D:7)
  9 crimson imps
  A lava snake (D:10)
  2 centaur zombies
  15 orc priests
  A bullfrog skeleton (D:9)
  5 hounds
  22 orc wizards
  9 worker ants
  5 iguanas
  A hound zombie (D:7)
  2 hound skeletons
  2 worker ant zombies (D:5)
  9 gnolls
  2 howler monkey skeletons
  8 adders
  A shadow imp (D:10)
  3 adder skeletons
  4 worms
  3 dart slugs
  8 leopard geckos
  55 orcs
  5 giant cockroaches
  6 goblins
  7 hobgoblins
  12 jackals
  3 quokkas
  A ball python (D:6)
  6 bats
  5 frilled lizards
  A jackal skeleton (D:6)
  10 kobolds
  2 rats (D:2)
306 creatures vanquished.

Vanquished Creatures (others)
  2 slaves (D:7)
  A quokka (D:7)
3 creatures vanquished.

Grand Total: 309 creatures vanquished

Notes
Turn   | Place    | Note
-------+----------+-------------------------------------------
     0 | D:1      | polly the Gargoyle Fighter began the quest for the Orb.
     0 | D:1      | Reached XP level 1. HP: 14/14 MP: 1/1
    70 | D:1      | Reached XP level 2. HP: 19/19 MP: 2/2
   591 | D:1      | Reached XP level 3. HP: 23/24 MP: 3/3
   825 | D:2      | Found an ornate altar of the Wu Jian Council.
  1211 | D:3      | Reached XP level 4. HP: 25/29 MP: 4/4
  1332 | D:3      | Noticed Sigmund
  1356 | D:3      | Killed Sigmund
  1356 | D:3      | Reached skill level 1 in Dodging
  1356 | D:3      | Reached skill level 4 in Shields
  1356 | D:3      | Reached XP level 5. HP: 11/34 MP: 5/5
  1356 | D:3      | Reached XP level 6. HP: 13/39 MP: 6/6
  2159 | D:4      | Noticed a water moccasin
  2216 | D:4      | HP: 1/39 [water moccasin (5)]
  2232 | D:4      | Killed a water moccasin
  2532 | D:4      | Found Etaschan's Armour Shoppe.
  2641 | D:4      | Reached skill level 5 in Shields
  2644 | D:4      | Reached XP level 7. HP: 30/44 MP: 7/7
  2871 | D:4      | Reached skill level 5 in Fighting
  3144 | D:5      | Entered Level 5 of the Dungeon
  3155 | D:5      | Found a staircase to the Ecumenical Temple.
  3182 | Temple   | Entered the Ecumenical Temple
  3266 | Temple   | Became a worshipper of Warmaster Okawaru
  3335 | D:5      | Got a brightly glowing flail
  3336 | D:5      | Identified the cursed +3 flail of Qiah {flame, MR++ MP-9 SInv} (You found it on level 5 of the Dungeon)
  3395 | D:5      | Reached skill level 5 in Axes
  3395 | D:5      | Reached XP level 8. HP: 21/49 MP: 5/8
  3550 | D:5      | Reached skill level 6 in Shields
  3700 | D:5      | Reached * piety under Okawaru
  3700 | D:5      | Reached skill level 5 in Armour
  3799 | D:6      | Found Liwat's Antique Weapon Shop.
  4151 | D:6      | Gained mutation: Armour fits poorly on your strangely shaped body. [mutagenic meat]
  4152 | D:6      | Gained mutation: Your muscles are strong. (Str +2) [mutagenic meat]
  4154 | D:6      | Gained mutation: You are partially covered in large bone plates. (SH +4) [mutagenic meat]
  4155 | D:6      | Gained mutation: Your magical capacity is low. (-10% MP) [mutagenic meat]
  4156 | D:6      | Gained mutation: Your muscles are very strong. (Str +4) [mutagenic meat]
  4173 | D:6      | Reached skill level 7 in Shields
  4180 | D:6      | Reached ** piety under Okawaru
  4295 | D:6      | Reached XP level 9. HP: 52/55 MP: 8/8
  4420 | D:6      | Found a sparkling altar of Nemelex Xobeh.
  4519 | D:6      | Noticed Dowan
  4525 | D:6      | Noticed Duvessa
  4538 | D:6      | Killed Dowan
  4541 | D:6      | Killed Duvessa
  4732 | D:6      | Reached skill level 8 in Shields
  4949 | D:7      | Reached skill level 1 in Maces & Flails
  4996 | D:7      | Noticed Pikel
  4996 | D:7      | Noticed polly's ghost (novice GrBe)
  5031 | D:7      | Killed Pikel
  5031 | D:7      | Reached *** piety under Okawaru
  5056 | D:7      | Killed polly's ghost
  5338 | D:7      | Reached skill level 5 in Maces & Flails
  5357 | D:7      | Reached XP level 10. HP: 49/61 MP: 0/9
  5423 | D:7      | Reached skill level 9 in Shields
  5982 | D:8      | Reached **** piety under Okawaru
  6286 | D:8      | Got a scorched whip
  6287 | D:8      | Identified the +4 whip of the Warrior-Mage {speed, Dex+2} (You found it on level 8 of the Dungeon)
  6450 | D:8      | Gained mutation: Your natural rate of healing is unusually fast. [mutagenic meat]
  6451 | D:8      | Gained mutation: You possess an exceptional clarity of mind. [mutagenic meat]
  6453 | D:8      | Lost mutation: You possess an exceptional clarity of mind. [mutagenic meat]
  6629 | D:8      | Noticed Joseph
  6661 | D:8      | Killed Joseph
  7164 | D:9      | Found a staircase to the Orcish Mines.
  7244 | D:9      | Received a gift from Okawaru
  7282 | D:9      | Reached skill level 1 in Stealth
  7303 | D:9      | Noticed a hand axe
  7304 | D:9      | Noticed a hand axe
  7341 | D:9      | Reached skill level 10 in Shields
  7372 | D:9      | Found a hide-covered altar of Uskayaw.
  7776 | D:10     | Entered Level 10 of the Dungeon
  7776 | D:10     | Found a staircase to the Lair.
  7889 | D:9      | Reached ***** piety under Okawaru
  7889 | D:9      | Reached XP level 11. HP: 48/67 MP: 9/9
  8112 | D:10     | Noticed a brown ugly thing
  8151 | D:10     | Killed a brown ugly thing
  8163 | D:10     | Gained mutation: Your mind is acute. (Int +2) [mutagenic meat]
  8201 | D:10     | Got a pair of brightly glowing boots
  8212 | D:10     | Identified the +2 pair of boots of Mumblety Peg {+Blink} (You found it on level 10 of the Dungeon)
  8365 | D:10     | Killed an unseen horror
  8365 | D:10     | Received a gift from Okawaru
  8365 | D:10     | Reached skill level 11 in Shields
  8981 | D:10     | Found Obirgh's Gadget Boutique.
  9124 | D:6      | Bought a runed eveningstar for 378 gold pieces
  9403 | D:10     | Found a deep blue altar of Sif Muna.
  9667 | D:11     | Noticed Snorg
  9683 | D:11     | HP: 3/68 [Snorg (15)]
  9688 | D:11     | HP: 3/68 [Snorg (13)]
  9689 | D:11     | Demolished by Snorg

Vault maps used:
D:1:      dpeg_arrival_orchard
D:2:      nicolae_overflow_hidden_temple, old_standard_altar, item_on_display_a
D:3:      first_bread, uniq_sigmund
D:4:      serial_shops, shop
D:5:      minmay_temple_entry_overgrown
D:6:      serial_shops, shop, nemelex_lonely_heart_becter, uniq_duvessa
D:7:      uniq_pikel
D:8:      uniq_joseph
D:9:      dancing_weapons_uskayaw, erik_orc_3, blue_anna_alchemist
D:10:     kennysheep_orc_sif_temple, erik_lair_orcish_takeover, serial_shops,
          shop, nicolae_lava_and_water
D:11:     minmay_stone_trees_medium, uniq_snorg
Temple:   compressed_dpeg_circular_temple

Skill      XL: |  1  2  3  4  5  6  7  8  9 10 11 |
---------------+----------------------------------+-----
Axes           | 2 3 5 6 |  6.0
Fighting       | 4 5 6 7 8 |  8.0
Armour         | 4 5 6 8 |  8.0
Dodging        | 1 2 |  2.0
Shields        | 4 5 7 8 10 11 | 11.5
Maces & Flails | 5 8 9 |  9.6
Stealth        | 1 |  1.3

Action                   |  1- 3 |  4- 6 |  7- 9 | 10-12 || total
-------------------------+-------+-------+-------+-------++-------
Melee: War axe           |   139 |   200 |   290 |       ||   629
       Flail             |       |       |    98 |   162 ||   260
       Whip              |       |       |     6 |   742 ||   748
       Eveningstar       |       |       |       |   108 ||   108
Evoke: Wand              |       |       |       |     1 ||     1
  Use: Potion            |       |     4 |       |     6 ||    10
       Scroll            |       |       |     6 |     2 ||     8
  Eat: Chunk             |     1 |     5 |    16 |    16 ||    38
       Fruit             |       |       |       |     1 ||     1
       Bread ration      |       |       |       |     1 ||     1
Armor: Scale mail        |    80 |       |       |       ||    80
       Plate armour      |    31 |   176 |   198 |   398 ||   803
Dodge: Dodged            |    48 |    42 |    64 |   110 ||   264
Block: Shield            |    90 |   125 |   235 |   182 ||   632
       Large shield      |       |       |       |   693 ||   693
